 Dungeon Crawl Stone Soup version 0.23-a0-106-g63f3d0b (webtiles) character file.

1952 tatocazan the Cleaver (level 8, 0/68 HPs)
             Began as a Deep Dwarf Fighter on Aug 21, 2018.
             Was an Initiate of Makhleb.
             Killed from afar by Erica (23 damage)
             ... with an orb of energy
             ... on level 7 of the Dungeon.
             The game lasted 00:21:03 (5935 turns).

tatocazan the Cleaver (Deep Dwarf Fighter)          Turns: 5935, Time: 00:21:03

Health: 0/68       AC: 12    Str: 19    XL:     8   Next: 99%
Magic:  9/9        EV:  3    Int: 10    God:    Makhleb [......]
Gold:   336        SH: 10    Dex: 14    Spells: 18/18 levels left

rFire    . . .     SeeInvis .   a - +0 war axe
rCold    . . .     Gourm    .   c - +1 shield
rNeg     + . .     Faith    .   u - +0 plate armour
rPois    .         Spirit   .   A - +0 helmet
rElec    .         Reflect  .   (no cloak)
rCorr    +         Harm     .   (no gloves)
MR       +....                  (no boots)
Stlth    ..........             z - amulet of the acrobat
HPRegen  0.00/turn              y - ring of positive energy
MPRegen  0.11/turn              B - ring of resist corrosion

@: lethally poisoned (0 -> 0), non-regenerating, slowed, very slow
A: damage resistance, heal wounds, sense surroundings 1, no regeneration
a: Heal Wounds, Renounce Religion


You were on level 7 of the Dungeon.
You worshipped Makhleb.
Makhleb was noncommittal.
You were not hungry.

You visited 2 branches of the dungeon, and saw 9 of its levels.

You collected 336 gold pieces.

Inventory:

Hand Weapons
 a - a +0 war axe (weapon)
Missiles
 e - 4 javelins (quivered)
 q - 4 exploding tomahawks
 v - 4 tomahawks of returning
Armour
 c - a +1 shield (worn)
 i - a +0 pair of gloves
 u - a +0 plate armour (worn)
 A - a +0 helmet (worn)
Jewellery
 o - an uncursed ring of poison resistance
 y - a ring of positive energy (left hand)
 z - an amulet of the acrobat (around neck)
 B - a ring of resist corrosion (right hand)
Wands
 h - a wand of disintegration (14)
Scrolls
 m - 3 scrolls of teleportation
 n - 2 scrolls of blinking
 p - a scroll of amnesia
 r - a scroll of identify
 s - a scroll of remove curse
 t - a scroll of magic mapping
Potions
 b - 3 potions of haste {unknown}
 d - a potion of might
 g - a potion of berserk rage {unknown}
 j - 3 potions of cancellation
 k - a potion of agility {unknown}
 l - 2 potions of heal wounds
 w - a potion of magic {unknown}
Comestibles
 f - 17 rations
 x - 2 chunks of flesh


   Skills:
 - Level 2.6 Fighting
 * Level 10.6 Axes
 - Level 3.2 Armour
 - Level 3.2 Shields
 + Level 5.5 Spellcasting


You had 18 spell levels left.
You didn't know any spells.
Your spell library was empty.

Dungeon Overview and Level Annotations

Branches:
Dungeon (8/15)             Temple (1/1) D:6
   Lair: D:8-11

Altars:
Dithmenos
Gozag
Hepliaklqana
Makhleb
Trog
Yredelemnul

Annotations:
D:7 Erica


Innate Abilities, Weirdness & Mutations

You are resistant to damage.
You can heal yourself by infusing magical energy.
You passively map a small area around you.
You do not regenerate.


Message History

You feel less confused. You block the jackal's attack.
You hear some strange, mumbled words.
An orb of energy appears from out of thin air!
The orb of energy hits you!
* * * LOW HITPOINT WARNING * * *
The orb of energy explodes!
The mystic blast hits the jackal.
The jackal dies!
You feel much better. Something hits you but does no damage.
Your plate armour prevents you from hitting something.
Something hits you but does no damage.
You hear some strange, mumbled words.
A bolt of poison appears from out of thin air!
The bolt of poison hits you!
You are poisoned.
You hit something but do no damage.
You hear some strange, mumbled words.
An orb of energy appears from out of thin air!
The orb of energy hits you!
You die...

## #. #. #. #. #. #.
######### #. #@......#
## #{#####.####
####.##...)...######
#..........##......##
#.##.##.##.##.###....
####.##.##.##..........#
#.............##.##....#
#.##.#.###.#####.##.)...
#.##.#.# #...........).#


There were no monsters in sight!

Vanquished Creatures
  A phantom (D:7)
  2 orc warriors (D:6)
  An ogre (D:6)
  A necrophage (D:7)
  A centaur (D:5)
  A big kobold (D:7)
  A bullfrog (D:6)
  2 scorpions
  4 wights (D:6)
  A howler monkey (D:6)
  A crimson imp (D:7)
  A bullfrog skeleton (D:4)
  5 orc priests
  4 hounds
  9 orc wizards
  2 iguanas
  3 worker ants
  2 hound skeletons
  A worker ant zombie (D:5)
  3 gnolls (D:7)
  A howler monkey skeleton (D:7)
  5 adders
  A shadow imp (D:7)
  A worm (D:3)
  A dart slug (D:1)
  4 leopard geckos
  31 orcs
  12 bats
  5 giant cockroaches
  10 goblins
  10 hobgoblins
  11 jackals
  6 quokkas
  7 frilled lizards
  2 jackal skeletons (D:6)
  12 kobolds
  5 rats
170 creatures vanquished.

Vanquished Creatures (others)
  A jackal (D:7)
1 creature vanquished.

Grand Total: 171 creatures vanquished

Notes
Turn   | Place    | Note
-------+----------+-------------------------------------------
     0 | D:1      | tatocazan the Deep Dwarf Fighter began the quest for the Orb.
     0 | D:1      | Reached XP level 1. HP: 20/20 MP: 1/1
    99 | D:1      | Reached XP level 2. HP: 25/27 MP: 2/2
   207 | D:1      | Reached skill level 3 in Axes
   516 | D:1      | Reached skill level 1 in Spellcasting
   819 | D:2      | Reached XP level 3. HP: 28/33 MP: 4/4
  1146 | D:2      | Reached skill level 4 in Axes
  1564 | D:3      | Reached XP level 4. HP: 32/40 MP: 5/5
  1631 | D:3      | Reached XP level 5. HP: 32/46 MP: 5/7
  1730 | D:3      | Reached skill level 5 in Axes
  2439 | D:4      | Reached XP level 6. HP: 50/55 MP: 8/8
  2796 | D:4      | Reached skill level 6 in Axes
  3137 | D:5      | Entered Level 5 of the Dungeon
  3232 | D:5      | Reached skill level 7 in Axes
  3232 | D:5      | Reached XP level 7. HP: 37/61 MP: 9/9
  4321 | D:6      | Reached skill level 8 in Axes
  4414 | D:6      | Reached XP level 8. HP: 35/68 MP: 9/9
  4427 | D:6      | Found a bloodstained altar of Trog.
  4509 | D:6      | Reached skill level 9 in Axes
  4528 | D:6      | Found an opulent altar of Gozag.
  4596 | D:6      | Found a staircase to the Ecumenical Temple.
  4619 | Temple   | Entered the Ecumenical Temple
  4633 | Temple   | Became a worshipper of Makhleb the Destroyer
  5050 | D:7      | Reached skill level 5 in Spellcasting
  5184 | D:7      | Reached skill level 10 in Axes
  5297 | D:7      | Found a hazy altar of Hepliaklqana.
  5679 | D:7      | Reached * piety under Makhleb
  5908 | D:8      | Noticed Erica
  5935 | D:7      | Killed from afar by Erica

Vault maps used:
D:1:      minmay_arrival_stair_chambers, minmay_misc_feat_more_columns
D:2:      minmay_misc_feat_tiny, kennysheep_generic_room_15
D:3:      serial_bayou_lake_a
D:5:      first_ration
D:6:      lemuel_crystal_altar, minmay_temple_entry_statues_fountains,
          basic_altar
D:7:      kennysheep_mini_moat
D:8:      uniq_harold, uniq_erica
Temple:   minmay_crystal_spiral_temple

Skill      XL: |  1  2  3  4  5  6  7  8 |
---------------+-------------------------+-----
Axes           | 3 4 5 7 8 10 | 10.6
Spellcasting   | 1 2 3 4 5 |  5.5
Fighting       | |  2.6
Armour         | |  3.2
Shields        | |  3.2

Action                   |  1- 3 |  4- 6 |  7- 9 || total
-------------------------+-------+-------+-------++-------
Melee: War axe           |   184 |   179 |   376 ||   739
 Abil: Heal Wounds       |     1 |     4 |    14 ||    19
  Use: Scroll            |       |     7 |     9 ||    16
       Potion            |       |       |     2 ||     2
  Eat: Chunk             |     3 |     5 |    10 ||    18
Armor: Scale mail        |    98 |    94 |    43 ||   235
       Plate armour      |       |       |   140 ||   140
Dodge: Dodged            |    51 |    52 |    50 ||   153
Block: Shield            |   104 |    69 |   179 ||   352

Table legend:
 A = Non-vault XP
 B = Vault XP
 C = Vault XP percentage of total XP
 D = Non-vault monster count
 E = Vault monster count
 F = Vault count percentage of total count
                 A         B        C        D         E       F
            +---------+---------+-------+---------+---------+-------
      Total |    2785 |       4 |   0.1 |     168 |       2 |   1.2
            +---------+---------+-------+---------+---------+-------
        D:1 |      39 |       0 |   0.0 |      24 |       0 |   0.0
        D:2 |      48 |       4 |   7.7 |      22 |       2 |   8.3
        D:3 |     125 |       0 |   0.0 |      25 |       0 |   0.0
        D:4 |     367 |       0 |   0.0 |      20 |       0 |   0.0
        D:5 |     421 |       0 |   0.0 |      19 |       0 |   0.0
        D:6 |    1102 |       0 |   0.0 |      32 |       0 |   0.0
        D:7 |     683 |       0 |   0.0 |      26 |       0 |   0.0
            +---------+---------+-------+---------+---------+-------
